 Dungeon Crawl Stone Soup version 0.29.1-15-g9cfb28693d (webtiles) character file.

Game seed: 12491524632037234359

16366 monsoonserge the Fighter (level 12, -47/154 HPs)
             Began as a Palentonga Fighter on Apr 30, 2023.
             Was a Follower of Uskayaw.
             Killed from afar by Jorgrun (50 damage)
             ... with an iron shot
             ... on level 12 of the Dungeon.
             The game lasted 00:55:44 (13354 turns).

monsoonserge the Fighter (Palentonga Fighter)      Turns: 13354, Time: 00:55:45

Health: -47/154    AC: 30    Str: 28    XL:     12   Next: 9%
Magic:  18/18      EV: -2    Int:  8    God:    Uskayaw [*.....]
Gold:   876        SH:  5    Dex: 13    Spells: 11/11 levels left

rFire   . . .      SeeInvis +   J - +6 executioner's axe of Tanul {drain, rElec rF- Dex+4}
rCold   x . .      Faith    .   (shield currently unavailable)
rNeg    . . .      Spirit   .   (body armour currently unavailable)
rPois   +          Reflect  +   (helmet currently unavailable)
rElec   +          Harm     .   (cloak currently unavailable)
rCorr   .          Rampage  .   (gloves currently unavailable)
Will    .....      NoTele   +   (no barding)
Stlth   +.........              H - amulet of reflection
HPRegen 0.35/turn               X - +4 ring of protection
MPRegen 0.16/turn               L - ring of fire

@: tree-form, grasped by roots, constricted, studying Armour
A: stationary, stasis, torment immunity, boosted hp, large, rugged brown scales
3, see invisible, (deformed body), (roll 1), (armoured tail), (reflexive curl)
a: Renounce Religion, Stomp


You were on level 12 of the Dungeon.
You worshipped Uskayaw.
Uskayaw was aware of your devotion.
You were a tree.
You visited 2 branches of the dungeon, and saw 13 of its levels.
You also visited: Ossuary.

You collected 876 gold pieces.

Inventory:

Hand Weapons
 J - the +6 executioner's axe of Tanul (weapon) {drain, rElec rF- Dex+4}
   (You acquired it on level 6 of the Dungeon)

   A truly terrible weapon, it drains the life of any living foe it strikes.
   Dex:       It affects your dexterity (+4).
   rF:        It makes you vulnerable to fire.
   rElec:     It insulates you from electricity.
 T - a +0 vorpal war axe
Missiles
 e - 2 boomerangs (quivered)
 n - 120 stones
 s - 24 poisoned darts
 C - 2 throwing nets
 F - a curare-tipped dart
 Z - 3 boomerangs of dispersal
Armour
 a - the +1 cloak of Qeonaoc {*Slow +Blink Dex+4}
   (You found it on level 8 of the Dungeon)

   Dex:       It affects your dexterity (+4).
   +Blink:    It lets you blink.
   *Slow:     It may slow you when you take damage.
 p - a +2 hat (melded)
 r - a +1 scale mail of cold resistance
 K - the +1 barding "Nefa" (melded) {rC++}
   (You acquired it on level 6 of the Dungeon)

   rC:        It greatly protects you from cold.
 O - a +2 kite shield
 P - a +2 ring mail of poison resistance
 U - the +1 cloak of Greater Demons (melded) {Slay+2}
   (You found it on level 8 of the Dungeon)

   Slay:      It affects your accuracy & damage with ranged weapons and melee
   (+2).
 Y - +0 acid dragon scales (melded)
Jewellery
 b - a +4 ring of evasion
 l - an amulet of regeneration
 w - a ring of positive energy
 y - a ring of resist corrosion
 H - an amulet of reflection (around neck)
 L - a ring of fire (right branch)
 X - a +4 ring of protection (left branch)
Wands
 k - a wand of mindburst (4)
 A - a wand of iceblast (22)
 Q - a wand of flame (12)
 S - a wand of digging (12)
 V - a wand of paralysis (17)
Scrolls
 h - a scroll of vulnerability
 i - 3 scrolls of poison
 j - 14 scrolls of teleportation
 q - 2 scrolls of magic mapping
 t - 4 scrolls of enchant weapon
 v - a scroll of butterflies
 z - 6 scrolls of fear
 B - 4 scrolls of immolation
 E - a scroll of enchant armour {unknown}
Potions
 c - a potion of magic {unknown}
 d - 4 potions of might
 f - 2 potions of lignification
 g - 2 potions of mutation {unknown}
 m - 3 potions of flight
 o - 10 potions of curing
 u - 6 potions of heal wounds
 x - 2 potions of resistance
 D - 2 potions of haste
 G - a potion of invisibility {unknown}
 I - 2 potions of attraction
 M - 2 potions of degeneration {unknown}
 N - 2 potions of cancellation
 R - a potion of brilliance {unknown}
 W - 2 potions of ambrosia


   Skills:
 + Level 10.2 Fighting
 - Level 10.0 Axes
 + Level 0.9 Throwing
 + Level 9.3 Armour
 + Level 5.2 Dodging
 + Level 0.2 Stealth
 - Level 5.2 Shields
 * Level 9.2 Invocations


You had 11 spell levels left.
You didn't know any spells.
Your spell library contained the following spells:

 Spells                   Type           Power      Damage    Failure   Level
 Magic Dart               Conj           0%         1d3       41%         1
 Necrotise                Necr           0%         1d4       41%         1
 Call Imp                 Summ           0%         N/A       54%         2
 Sublimation of Blood     Necr           0%         N/A       54%         2
 Wereblood                Tmut           0%         N/A       54%         2
 Confusing Touch          Hex            0%         N/A       78%         3
 Mephitic Cloud           Conj/Pois/Air  0%         N/A       78%         3
 Hailstorm                Conj/Ice       0%         3d3       99%         4
 Ice Form                 Ice/Tmut       0%         N/A       99%         4
 Yara's Violent Unravell  Hex/Tmut       0%         3d3       100%        5
 Simulacrum               Ice/Necr       0%         N/A       100%        6
 Enfeeble                 Hex            0%         N/A       100%        7
 Summon Hydra             Summ           0%         N/A       100%        7


Dungeon Overview and Level Annotations

Branches:
Dungeon (12/15)            Temple (1/1) D:5            Lair (0/5) D:11
Ossuary (visited)
    Orc: D:9-12

Altars:
Ashenzari
Cheibriados
Dithmenos
Elyvilon
Fedhas
Gozag
Hepliaklqana
Kikubaaqudgha
Nemelex Xobeh
Qazlal
Ru
Sif Muna
Trog
Uskayaw
Vehumet
Wu Jian
Xom
Yredelemnul
Zin
The Shining One

Shops:
D:1 :   D:6 ?   D:7 :   D:12 *

Annotations:
D:8 3 runed translucent doors, ShinQuickMan's ghost, novice DECA
D:11 2 transporters, Jase's ghost, journeyman MfGl
D:12 Jorgrun


Innate Abilities, Weirdness & Mutations

You are a tree.
Your roots penetrate the ground, keeping you stationary.
You cannot be teleported.
You are immune to unholy pain and torment.
Your maximum health is greatly increased.
Your equipment is partially melded.
(You are completely covered in rugged brown scales. (AC +3, +7% HP))
You have supernaturally acute eyesight. (SInv)
((Armour fits poorly on your strangely shaped body.))
((You can roll at nearby foes to attack.))
((You have a long armoured tail.))
((You curl defensively after being hit. (AC +7*)))


Message History

Jorgrun hits you with a +0 vorpal quarterstaff!
The grasping roots constrict you. Jorgrun hits you but does no damage.
The grasping roots constrict you! Jorgrun hits you but does no damage.
The grasping roots constrict you. Jorgrun casts a spell at you.
The iron shot hits you!!!
* * * LOW HITPOINT WARNING * * *
The grasping roots constrict you.
* * * LOW HITPOINT WARNING * * *
You can no longer pass through a line of other dancers.
Jorgrun hits you but does no damage. The grasping roots constrict you!
* * * LOW HITPOINT WARNING * * *
Jorgrun hits you but does no damage. The grasping roots constrict you!
* * * LOW HITPOINT WARNING * * *
Jorgrun says, "'tis place shall be yer tomb!"
Jorgrun hits you with a +0 vorpal quarterstaff.
The grasping roots constrict you!
* * * LOW HITPOINT WARNING * * *
You turn to flesh and can move again.
Okay, then.
Press: ? - help, v - describe, . - travel
Here: Jorgrun, wielding a +0 vorpal quarterstaff and wearing a +0 robe (heavily wounded, lightly drained)
The floor, spattered with blood.
Okay, then.
Really quaff the potion of lignification?
You turn into a tree.
The +1 cloak of Greater Demons {Slay+2} melds into your body.
Your +2 hat melds into your body.
The +1 barding "Nefa" {rC++} melds into your body.
Your +0 acid dragon scales melds into your body.
Your roots penetrate the ground.
Jorgrun hits you with a +0 vorpal quarterstaff.
* * * LOW HITPOINT WARNING * * *
x2 The grasping roots constrict you.
* * * LOW HITPOINT WARNING * * *
You slice Jorgrun!!
Jorgrun is severely wounded.
Jorgrun points at you and mumbles some strange words.
The iron shot hits you!!!
You die...

..# ..∩ ...... .
#.# .>....
..#..# ......
#.....###
#.....# #....<#
....... ##..#.#
##.......
##...###g.......
##...##♣#....
##..........#
#.......####
#.(.....#
####.##.# #.#
... #.# .... #.#
.... .#


You could see Jorgrun (drained).

Vanquished Creatures
  Gastronok (D:9)
  2 boulder beetles (D:11)
  2 two-headed ogres
  2 ugly things (D:11)
  2 cyclopes
  A manticore (D:11)
  A komodo dragon (D:11)
  Maggie (D:9)
  Psyche (D:10)
  6 trolls
  A hornet (D:10)
  The ghost of Monarks the Shield-Bearer, an amateur GrFi of Elyvilon (D:5)
  2 wraiths (D:11)
  A vampire (D:11)
  Sigmund (D:2)
  A wyvern (D:9)
  5 yaks (D:10)
  A steam dragon (D:6)
  2 vampire mosquitoes (D:11)
  A basilisk (D:11)
  An acid dragon (D:10)
  Duvessa (D:7)
  2 water moccasins
  6 ice beasts
  A sky beast (D:7)
  3 orc warriors
  A black bear (D:5)
  2 ogres
  7 centaurs
  4 kobold brigands
  2 necrophages
  3 gnoll sergeants
  3 bullfrogs
  5 scorpions
  20 wights
  2 water moccasin zombies (Ossuary)
  Dowan (D:7)
  10 killer bees
  5 howler monkeys
  2 bullfrog zombies (Ossuary)
  2 centaur zombies (Ossuary)
  A wyvern simulacrum (D:5)
  5 hounds
  A water moccasin simulacrum (D:5)
  2 jellies
  Crazy Yiuf (D:2)
  4 orc priests
  3 gnoll boudas
  A scorpion zombie (Ossuary)
  Terence (D:2)
  13 orc wizards
  A bullfrog simulacrum (D:5)
  A centaur simulacrum (D:5)
  A scorpion simulacrum (D:5)
  Robin (D:4)
  27 gnolls
  3 adders
  A hound simulacrum (D:5)
  2 white imps (D:5)
  2 ufetubi (D:5)
  4 adder zombies (Ossuary)
  An adder simulacrum (D:5)
  30 orcs
  9 ball pythons
  3 endoplasms
  A giant cockroach (D:2)
  5 goblins
  14 hobgoblins
  3 jackals (D:2)
  7 quokkas
  5 bats
  2 frilled lizards
  2 gnoll zombies (Ossuary)
  2 goblin zombies (Ossuary)
  2 hobgoblin zombies (Ossuary)
  17 kobolds
  3 orc zombies (Ossuary)
  5 rats
304 creatures vanquished.

Vanquished Creatures (others)
  An orc wizard (D:4)
  A fungus (D:4)
  31 plants
33 creatures vanquished.

Grand Total: 337 creatures vanquished

Notes
Turn   | Place    | Note
-------+----------+-------------------------------------------
     0 | D:1      | monsoonserge the Palentonga Fighter began the quest for the
                  | Orb.
     0 | D:1      | Reached XP level 1. HP: 19/19 MP: 1/1
   405 | D:1      | Found Ziullif's Book Shoppe.
   520 | D:1      | Reached XP level 2. HP: 25/25 MP: 2/2
   894 | D:2      | Noticed Sigmund
   901 | D:2      | Killed Sigmund
   902 | D:2      | Reached XP level 3. HP: 13/32 MP: 3/3
   902 | D:2      | Reached XP level 4. HP: 16/39 MP: 4/4
   902 | D:2      | Reached XP level 5. HP: 18/44 MP: 5/5
  1093 | D:2      | Found a runed translucent door.
  1094 | D:2      | Noticed Crazy Yiuf
  1102 | D:2      | Killed Crazy Yiuf
  1356 | D:2      | Noticed Terence
  1362 | D:2      | Killed Terence
  1728 | D:2      | Reached skill level 1 in Dodging
  2256 | D:3      | Found a bloodstained altar of Trog.
  2266 | D:3      | Reached XP level 6. HP: 51/51 MP: 6/6
  3033 | D:4      | Found a hazy altar of Hepliaklqana.
  3109 | D:4      | Found a white marble altar of Elyvilon.
  3389 | D:4      | Found a sand-covered staircase.
  3394 | Ossuary  | Entered an ossuary
  3436 | Ossuary  | Reached skill level 5 in Axes
  3436 | Ossuary  | Gained mutation: You curl defensively after being hit. (AC
                  | +7*) [Palentonga growth]
  3436 | Ossuary  | Reached XP level 7. HP: 43/58 MP: 7/7
  3590 | Ossuary  | Reached skill level 5 in Fighting
  3743 | Ossuary  | Noticed a silent spectre
  4027 | D:4      | Noticed Robin
  4040 | D:4      | Killed Robin
  4138 | D:4      | Found a radiant altar of Vehumet.
  4150 | D:4      | Found an ancient bone altar of Kikubaaqudgha.
  4365 | D:4      | Got Kikubaaqudgha's Tome of Sinister Secrets
  4377 | D:4      | Found a shimmering blue altar of Sif Muna.
  4386 | D:4      | Reached XP level 8. HP: 57/67 MP: 8/8
  4915 | D:5      | Entered Level 5 of the Dungeon
  4994 | D:5      | Found a staircase to the Ecumenical Temple.
  5002 | Temple   | Entered the Ecumenical Temple
  5011 | Temple   | Became a worshipper of Uskayaw the Reveller
  5029 | Temple   | Reached * piety under Uskayaw
  5176 | D:5      | Found a runed translucent gate.
  5176 | D:5      | Found a runed translucent gate.
  5176 | D:5      | Found a runed translucent gate.
  5198 | D:5      | Reached ** piety under Uskayaw
  5213 | D:5      | Noticed Monarks's ghost (amateur GrFi)
  5287 | D:5      | Reached skill level 1 in Invocations
  5513 | D:5      | Reached *** piety under Uskayaw
  5515 | D:5      | Reached skill level 5 in Armour
  5515 | D:5      | Reached skill level 5 in Shields
  6124 | D:6      | Identified 3 scrolls of acquirement
  6246 | D:6      | Found a sparkling altar of Nemelex Xobeh.
  6250 | D:6      | Reached XP level 9. HP: 56/73 MP: 9/11
  6476 | D:6      | Acquired the +6 executioner's axe of Tanul {drain, rElec
                  | rF- Dex+4}
  6478 | D:6      | Acquired the +1 barding "Nefa" {rC++}
  6750 | D:6      | Acquired a manual of Armour
  6824 | D:6      | Found Caggoyll's Magic Scroll Boutique.
  6862 | D:6      | Reached **** piety under Uskayaw
  6901 | D:6      | Reached ***** piety under Uskayaw
  7349 | D:5      | Killed Monarks's ghost
  7589 | D:7      | Found Titsaun's Tremendous Tomes.
  7664 | D:7      | Reached skill level 5 in Invocations
  7734 | D:7      | Reached XP level 10. HP: 61/84 MP: 13/13
  8026 | D:7      | Noticed Duvessa
  8026 | D:7      | Noticed Dowan
  8040 | D:7      | Killed Duvessa
  8041 | D:7      | Killed Dowan
  8418 | D:8      | Found a runed translucent gate.
  8418 | D:8      | Found a runed translucent gate.
  8451 | D:8      | Found a runed translucent gate.
  8501 | D:8      | Noticed a two-headed ogre
  8509 | D:8      | Killed a two-headed ogre
  8908 | D:8      | Identified the +1 cloak of Qeonaoc {*Slow +Blink Dex+4}
  8968 | D:8      | Identified the +1 cloak of Greater Demons {Slay+2}
  9311 | D:8      | Noticed ShinQuickMan's ghost (novice DECA)
  9343 | D:9      | Noticed Gastronok
  9353 | D:9      | Killed Gastronok
  9354 | D:9      | Reached skill level 10 in Axes
  9521 | D:9      | Reached XP level 11. HP: 92/92 MP: 16/16
  9747 | D:9      | Found a shadowy altar of Dithmenos.
  9821 | D:9      | Found a glowing golden altar of the Shining One.
  9822 | D:9      | Found a blossoming altar of Fedhas.
  9822 | D:9      | Found a basalt altar of Yredelemnul.
  9825 | D:9      | Found a snail-covered altar of Cheibriados.
  9984 | D:9      | Noticed Maggie
  9993 | D:9      | Killed Maggie
 10444 | D:10     | Entered Level 10 of the Dungeon
 10445 | D:10     | Noticed Psyche
 10451 | D:10     | Killed Psyche
 10586 | D:10     | Paralysed by a hornet for 2 turns
 11660 | D:11     | Found a transporter.
 11662 | D:11     | Noticed Jase's ghost (journeyman MfGl)
 11668 | D:11     | Found a transporter.
 12098 | D:11     | Noticed a red ugly thing
 12109 | D:11     | Killed a red ugly thing
 12333 | D:11     | Noticed a boulder beetle
 12338 | D:11     | Killed a boulder beetle
 12410 | D:11     | Noticed a boulder beetle
 12410 | D:11     | Noticed a two-headed ogre
 12420 | D:11     | Killed a two-headed ogre
 12420 | D:11     | Killed a boulder beetle
 12427 | D:11     | Reached skill level 5 in Dodging
 12614 | D:11     | Noticed a purple ugly thing
 12625 | D:11     | Killed a purple ugly thing
 12626 | D:11     | Reached skill level 10 in Fighting
 12626 | D:11     | Reached XP level 12. HP: 65/103 MP: 18/18
 12851 | D:11     | Found a staircase to the Lair.
 13326 | D:12     | Found Cenwoj's General Store.
 13328 | D:12     | Noticed Jorgrun
 13353 | D:12     | HP: 3/154 [constriction (5)]
 13354 | D:12     | Killed from afar by Jorgrun

Illustrated notes

Levels and vault maps discovered:
D:1:      spicycebolla_arrival_clurvy, layout_basic, serial_shops,
          nicolae_shop_crystal, nicolae_titane
D:2:      layout_basic, uniq_crazy_yiuf_cottage, uniq_terence, uniq_sigmund
D:3:      layout_loops_ring, lemuel_crystal_altar, kennysheep_generic_room_13
D:4:      layout_loops_corners, palyth_temple_overflow_mages,
          lemuel_crystal_altar, elyvilon_altar_1,
          lightli_ossuary_entry_decrepit_ruins, minmay_small_thing, uniq_robin
D:5:      layout_loops_ring, minmay_temple_entry_statues_pillars,
          gammafunk_ghost_icy, hangedman_decor_points, minmay_misc_feat_pillars
D:6:      kennysheep_housing_project, layout_basic, lemuel_crystal_altar,
          serial_shops, nicolae_shop_hallway_plus
D:7:      layout_basic, nicolae_shop_i_like_big_books, uniq_duvessa
D:8:      layout_cave_pools, gammafunk_ghost_necromancy
D:9:      layout_small_grid, mainiacjoe_overflow_chevrons,
          grunt_temple_overflow_open, uniq_gastronok, uniq_maggie
D:10:     layout_cross, minmay_hedge_maze, uniq_psyche
D:11:     wad_woods_structure_01, layout_basic, gammafunk_ghost_hive
D:12:     layout_rooms, orc_0_dummy, serial_rivers,
          chequers_serial_rivers_micro_b, chequers_serial_rivers_room_b,
          chequers_serial_rivers_room_b, chequers_serial_rivers_small_a,
          chequers_serial_rivers_room_a, serial_shops, nicolae_shop_crystal,
          doesnt_xom_only_xom, uniq_jorgrun
Temple:   eino_temple_lava

Skill      XL: |  1  2  3  4  5  6  7  8  9 10 11 |
---------------+----------------------------------+-----
Axes           | 3 5 8 10 | 10.0
Armour         | 3 4 5 6 7 9 |  9.3
Shields        | 3 4 5 |  5.2
Fighting       | 4 5 6 7 10 | 10.2
Dodging        | 1 2 3 5 |  5.2
Invocations    | 2 5 7 9 |  9.2
Throwing       | |  0.9
Stealth        | |  0.2

Action                   |  1- 3 |  4- 6 |  7- 9 | 10-12 || total
-------------------------+-------+-------+-------+-------++-------
Melee: War axe           |    45 |   163 |   217 |       ||   425
       Tailslap          |     1 |    19 |    31 |    35 ||    86
       Executioner's axe |       |       |    82 |   236 ||   318
Throw: Boomerang         |       |     1 |     1 |     2 ||     4
Invok: Stomp             |       |       |     3 |    14 ||    17
       Line Pass         |       |       |       |     2 ||     2
 Abil: Rolling Charge    |    11 |    31 |    55 |    72 ||   169
  Use: Scroll            |       |       |    16 |     5 ||    21
       Potion            |       |       |       |     1 ||     1
 Stab: Paralysed         |       |       |    17 |    14 ||    31
       Confused          |       |       |       |     1 ||     1
Armor: Scale mail        |    28 |    91 |   160 |    81 ||   360
       Acid dragon scale |       |       |       |   118 ||   118
Dodge: Dodged            |    12 |    70 |   171 |   150 ||   403
Block: Buckler           |     7 |    17 |       |       ||    24
       Kite shield       |       |    14 |   104 |       ||   118
